 Dungeon Sprint DCSS version 0.31-a0-986-g5e6e4ef867 (webtiles) character file.

Game seed: 12914570670661556185

64765 rocky1 the Wrestler (level 14, -1/130 HPs)
             Began as a Naga Shapeshifter on Nov 3, 2023.
             Was an Initiate of Gozag.
             Slain by Nellie (7 damage)
             ... in the Dungeon (Sprint III: "The Ten Rune Challenge") on Nov 4, 2023.
             The game lasted 00:33:23 (4484 turns).

rocky1 the Wrestler (Naga Shapeshifter)             Turns: 4484, Time: 00:33:24

Health: -1/130     AC: 11    Str: 25    XL:     14   Next: 61%
Magic:  28/28      EV: 11    Int: 21    God:    Gozag
Gold:   4176       SH:  0    Dex: 10    Spells: 15/33 levels left

rFire   + +          .
                       - Unarmed
rCold   + + +        (no shield)
rNeg    . . .        L - +3 scale mail {rC+}
rPois   +            (no helmet)
rElec   .            q - scarf {rC+ rF+}
rCorr   .            K - +0 pair of gloves
SInv    +            (no barding)
Will    +....        w - amulet of Imiphevu {Regen+ Int+4} Stlth
                     z - ring of Tublobink {rF+ Str+3 Int+6}
HPRegen 1.21/turn    x - ring "Ponybb" {+Blink rC+}
MPRegen 0.21/turn

%: no teleportation
@: on berserk cooldown, slowed, studying Summonings, very slow
A: AC +4, large, see invisible, deformed body, poison resistance, slowness 2,
spit poison 1, naga tail 2
}: 1/10 runes: silver
a: Spit Poison, Renounce Religion, Evoke Blink, Potion Petition, Call Merchant,
Bribe Branch


You were in the Dungeon.
You worshipped Gozag.
Gozag was most pleased with you.
You visited 1 branch You collected 15814 gold pieces.
You spent 7998 gold pieces at shops.
You paid 3640 gold pieces to Gozag.

Inventory:

Missiles
 B - 7 curare-tipped darts
Armour
 q - a scarf of resistance (worn)
 K - a +0 pair of gloves (worn)
 L - a +3 scale mail of cold resistance (worn)
 M - the +4 robe "Cekoor" {rPois Dex+3}
   (You bought it in a shop in the Dungeon)

   Dex+3:     It affects your dexterity (+3).
   rPois:     It protects you from poison
Jewellery
 a - a ring of protection from fire
 j - the amulet "Esahayf" {Acrobat rPois}
   (You took it off a vault guard in the Dungeon)

   [amulet of the acrobat]

   Acrobat:   It increases your evasion while moving and waiting.
   rPois:     It protects you from poison
 o - a ring of flight
 r - the amulet of Xaasm {Acrobat Int+6}
   (You took it off a vault guard in the Dungeon)

   [amulet of the acrobat]

   Acrobat:   It increases your evasion while moving and waiting.
   Int+6:     It affects your intelligence (+6).
 w - the amulet of Imiphevu (around neck) {Regen+ Int+4}
   (You bought it in a shop in the Dungeon)

   [amulet of regeneration]

   Int+4:     It affects your intelligence (+4).
   Regen+:    It increases your rate of health regeneration.
 x - the ring "Ponybb" (right hand) {+Blink rC+}
   (You bought it in a shop in the Dungeon)

   [ring of protection from cold]

   rC+:       It protects you from cold.
   +Blink:    It lets you blink.
 z - the ring of Tublobink (left hand) {rF+ Str+3 Int+6}
   (You bought it in a shop in the Dungeon)

   [ring of protection from fire]

   Str+3:     It affects your strength (+3).
   Int+6:     It affects your intelligence (+6).
   rF+:       It protects you from fire.
Talismans
 c - a beast talisman
 d - a flux talisman
 v - a granite talisman
 y - a serpent talisman
 P - a dragon-blood talisman
Wands
 k - a wand of polymorph (13)
 s - a wand of digging (5)
 A - a wand of flame (45)
 F - a wand of roots (11)
Scrolls
 l - 3 scrolls of immolation
 m - 12 scrolls of identify
 u - a scroll of vulnerability
 E - a scroll of enchant armour
 N - a scroll of silence
Potions
 e - 11 potions of curing
 f - 6 potions of mutation
 g - a potion of haste
 h - 2 potions of magic
 i - 3 potions of berserk rage
 n - 6 potions of enlightenment
 p - 2 potions of heal wounds
 t - 3 potions of invisibility
 C - 5 potions of might
 D - a potion of attraction
 G - 2 potions of brilliance
 H - 3 potions of ambrosia
 I - 2 potions of cancellation
 J - a potion of resistance
Miscellaneous
 b - a lightning rod (4/4)
 O - a phial of floods
 Q - a box of beasts


   Skills:
 + Level 9.9 Fighting
 + Level 11.0 Dodging
 + Level 23.5 Unarmed Combat
 * Level 10.3 Spellcasting
 * Level 11.1 Summonings
 + Level 12.1 Evocations
 * Level 20.1 Shapeshifting


You had 15 spell levels left.
You knew the following spells:

 Your Spells              Type           Power      Damage    Failure   Level
a - Summon Forest         Summ/Tloc      17%        N/A       38%         5
b - Call Canine Familiar  Summ           55%        N/A       1%          3
c - Summon Hydra          Summ           27%        N/A       78%         7
d - Summon Guardian Gole  Hex/Summ       34%        N/A       4%          3

Your spell library contained the following spells:

 Spells                   Type           Power      Damage    Failure   Level
 Summon Small Mammal      Summ           100%       N/A       1%          1
 Kiss of Death            Conj/Necr      40%        2d8       16%         1
 Confusing Touch          Hex            10%        N/A       41%         3
 Inner Flame              Hex/Fire       10%        N/A       41%         3
 Brom's Barrelling Bould  Conj/Erth      10%        2d3       83%         4
 Dispel Undead            Necr           10%        3d9       83%         4
 Fireball                 Conj/Fire      5%         3d5       99%         5
 Iskenderun's Battlesphe  Conj           10%        2d6       99%         5
 Yara's Violent Unravell  Hex/Tmut       5%         3d4       99%         5
 Conjure Ball Lightning   Conj/Air       5%         3x3d6     100%        6
 Eringya's Noxious Bog    Tmut/Pois      5%         4d6       100%        6
 Enfeeble                 Hex            5%         N/A       100%        7
 Orb of Destruction       Conj           5%         9d5       100%        7


Dungeon Overview and Level Annotations

Branches:
Dungeon (1/1)

Altars:
Cheibriados
Dithmenos
Elyvilon
Fedhas
Gozag
Hepliaklqana
Kikubaaqudgha
Makhleb
Nemelex Xobeh
Okawaru
Qazlal
Ru
Sif Muna
Trog
Uskayaw
Vehumet
Wu Jian
Xom
Yredelemnul
Zin
The Shining One
Jiyva
Lugonu

Shops:
D =***([!*?:[==

Annotations:
D Nellie


Innate Abilities, Weirdness & Mutations

Your serpentine skin is tough. (AC +4)
You have supernaturally acute eyesight. (SInv)
Armour fits poorly on your strangely shaped body.
Your system is resistant to poisons. (rPois)
You cover ground very slowly.
You can spit poison.
You can use your snake-like lower body to constrict enemies.


Message History

You punch Nellie!
Nellie is heavily wounded.
Nellie tramples you!!
* * * LOW HITPOINT WARNING * * *
You hold your ground!
Nellie barely misses you. Nellie closely misses you.
Okay, then. [a] - 377 gold - heal wounds, curing and berserk rage [b] - 377 gold - heal wounds, curing and berserk rage [c] - 957 gold - heal wounds, magic, haste and resistance Purchase which effect?
You feel much better.
You feel better.
A red film seems to cover your vision as you go berserk!
You feel yourself moving faster!
You feel mighty!
Nellie blinks!
You feel a strong urge to attack something.
Nellie breathes flames at you. The blast of flame hits you!! You resist.
Nellie blinks!
You feel your anger nearly subside.
Nellie blinks!
You are no longer berserk.
You are exhausted.
You feel yourself slow down. Nellie barely misses you. Nellie bites you!
Nellie gores you but does no damage.
You punch Nellie! Your punch misses Nellie.
Nellie is heavily wounded.
Nellie completely misses you. Nellie closely misses you. Nellie gores you!
You pummel Nellie!! You punch Nellie.
Nellie is severely wounded.
You pummel Nellie!!
Nellie is severely wounded.
Nellie breathes flames at you. The blast of flame hits you! You resist.
* * * LOW HITPOINT WARNING * * *
You hit Nellie but do no damage.
Nellie is severely wounded.
Nellie tramples you!!
* * * LOW HITPOINT WARNING * * *
You hold your ground!
Nellie bites you but does no damage. Nellie gores you!
You die...
Your body crumbles into a pile of gold.

*,*,,,*#≈≈≈≈##..##?##.[.........#
#,+,,,*#ee..+e.../?##.........))#
#******##############...........#
#####################[..........#
..).#......'...~≈.φ.#...........#
###)#..^.^.#...~≈################
#..##.....^#...~≈≈≈##..=[..))..§.
#..'.∩.^...#...~~~~##.#######§..§
▓▓▓#....^.^#....@Y.##....)..#..§§
...#^...^.^#.......########.#§§§§
♣P.'..^....#.......##...)...#....
♣PP#.......############'#########
♣♣♣##'########******#.#.#.#.#§[§|
***#.).'.≈≈≈§#*~,~~~##.#...##≈§§≈
*,,#.).#.≈≈≈≈#~,~*~~#.#.#...#§§§§
*,,#...#.#§§≈##,**~~#..#.#)##§§§§
**+#####.#,§§§###≈~~#.#...#.'§§§§


You could see Nellie.

Vanquished Creatures
  Frederick (D)
  Sigmund (D)
  A golden dragon (D)
  2 sphinxes (D)
  A lich (D)
  4 shadow dragons (D)
  Chuck (D)
  4 frost giants (D)
  A fire giant (D)
  A mummy priest (D)
  A fire dragon (D)
  A yaktaur captain (D)
  16 vault guards (D)
  Erolcha (D)
  An ogre mage (D)
  2 centaur warriors (D)
  4 dancing weapons (D)
  7 skeletal warriors (D)
  2 obsidian statues (D)
  An orc knight (D)
  A deep elf pyromancer (D)
  2 orc sorcerers (D)
  4 crystal guardians (D)
  5 ugly things (D)
  A manticore (shapeshifter) (D)
  Edmund (D)
  A guardian mummy (D)
  A queen bee (D)
  4 spriggan defenders (D)
  2 orc high priests (D)
  3 wandering mushrooms (D)
  A glass eye (shapeshifter) (D)
  7 slime creatures (D)
  A shadow (D)
  2 redbacks (D)
  A spatial vortex (D)
  5 two-headed ogres (D)
  A necrophage (D)
  A water elemental (D)
  32 killer bees (D)
  A jelly (D)
  3 orc priests (D)
  Jessica (D)
  An arcanist (D)
  A necromancer (D)
  5 orc wizards (D)
  3 humans (D)
  A kobold demonologist (D)
  A phantom (D)
  8 orcs (D)
  An endoplasm (D)
  A rat (D)
  8 butterflies (D)
164 creatures vanquished.

Vanquished Creatures (others)
  A glass eye (D)
  An orc (D)
2 creatures vanquished.

Grand Total: 166 creatures vanquished

Notes
Turn   | Place    | Note
-------+----------+-------------------------------------------
     0 | D        | rocky1 the Naga Shapeshifter began the quest for the Orb.
     0 | D        | Reached XP level 1. HP: 18/18 MP: 1/1
    29 | D        | Noticed Jessica
    38 | D        | Killed Jessica
    39 | D        | Reached skill level 4 in Unarmed Combat
    39 | D        | Reached XP level 2. HP: 25/25 MP: 2/2
    39 | D        | Reached XP level 3. HP: 31/31 MP: 3/3
   172 | D        | Reached skill level 5 in Shapeshifting
   183 | D        | Reached skill level 5 in Unarmed Combat
   315 | D        | Noticed a water elemental
   321 | D        | Killed a water elemental
   322 | D        | Reached skill level 6 in Unarmed Combat
   322 | D        | Reached XP level 4. HP: 39/39 MP: 4/4
   601 | D        | Reached skill level 7 in Unarmed Combat
   601 | D        | Reached XP level 5. HP: 41/45 MP: 5/5
   618 | D        | Noticed a shadow
   629 | D        | Killed a shadow
   630 | D        | Reached skill level 9 in Unarmed Combat
   630 | D        | Reached XP level 6. HP: 34/55 MP: 6/6
   705 | D        | Found a blossoming altar of Fedhas.
   705 | D        | Found a stormy altar of Qazlal.
   705 | D        | Found a snail-covered altar of Cheibriados.
   705 | D        | Found a burning altar of Makhleb.
   705 | D        | Found a shimmering altar of Xom.
   705 | D        | Noticed a spatial vortex
   706 | D        | Found a hazy altar of Hepliaklqana.
   706 | D        | Found an opulent altar of Gozag.
   706 | D        | Found a sparkling altar of Nemelex Xobeh.
   706 | D        | Found a corrupted altar of Lugonu.
   706 | D        | Found a viscous altar of Jiyva.
   710 | D        | Became a worshipper of Gozag Ym Sagoz the Greedy
   848 | D        | Found a basalt altar of Yredelemnul.
   848 | D        | Found a shadowy altar of Dithmenos.
   848 | D        | Found a sacrificial altar of Ru.
   853 | D        | Reached skill level 1 in Evocations
   889 | D        | Found a radiant altar of Vehumet.
   889 | D        | Found a shimmering blue altar of Sif Muna.
   889 | D        | Found an ancient bone altar of Kikubaaqudgha.
   893 | D        | Noticed a neqoxec
   895 | D        | Reached skill level 10 in Unarmed Combat
  1011 | D        | Found a glowing silver altar of Zin.
  1011 | D        | Found a glowing golden altar of the Shining One.
  1011 | D        | Found a white marble altar of Elyvilon.
  1011 | D        | Noticed a deep elf pyromancer
  1024 | D        | Killed a deep elf pyromancer
  1025 | D        | Reached skill level 11 in Unarmed Combat
  1025 | D        | Reached XP level 7. HP: 56/63 MP: 7/7
  1046 | D        | Found a hide-covered altar of Uskayaw.
  1046 | D        | Found an iron altar of Okawaru.
  1046 | D        | Found a bloodstained altar of Trog.
  1046 | D        | Found an ornate altar of the Wu Jian Council.
  1046 | D        | Noticed a human
  1046 | D        | Noticed a human
  1048 | D        | Killed a human
  1049 | D        | Reached XP level 8. HP: 72/72 MP: 8/8
  1050 | D        | Reached skill level 12 in Unarmed Combat
  1050 | D        | Reached skill level 5 in Evocations
  1050 | D        | Reached skill level 10 in Shapeshifting
  1337 | D        | Noticed an orc sorcerer
  1337 | D        | Noticed an orc sorcerer
  1337 | D        | Noticed an orc knight
  1338 | D        | Noticed a red devil
  1339 | D        | Reached skill level 13 in Unarmed Combat
  1339 | D        | Killed an orc sorcerer
  1340 | D        | Reached skill level 5 in Fighting
  1340 | D        | Reached skill level 5 in Dodging
  1340 | D        | Reached XP level 9. HP: 46/81 MP: 9/9
  1340 | D        | Killed an orc sorcerer
  1341 | D        | Reached skill level 14 in Unarmed Combat
  1342 | D        | Found Bounyx's Assorted Antiques.
  1347 | D        | Killed an orc knight
  1472 | D        | Bought a potion of curing for 51 gold pieces
  1472 | D        | Bought a scroll of identify for 34 gold pieces
  1472 | D        | Bought a sapphire potion for 15 gold pieces
  1472 | D        | Bought a scroll of identify for 34 gold pieces
  1472 | D        | Bought a scroll of blinking for 127 gold pieces
  1472 | D        | Bought a scroll of identify for 34 gold pieces
  1472 | D        | Bought a scroll labelled MOOSCH HAUMU for 17 gold pieces
  1493 | D        | Bought a granite talisman for 960 gold pieces
  1493 | D        | Bought the amulet of Imiphevu {Regen+ Int+4} for 726 gold
                  | pieces
  1493 | D        | Bought the ring "Ponybb" {+Blink rC+} for 624 gold pieces
  1493 | D        | Bought a serpent talisman for 480 gold pieces
  1493 | D        | Bought the ring of Tublobink {rF+ Str+3 Int+6} for 814 gold
                  | pieces
  1510 | D        | Noticed a two-headed ogre
  1514 | D        | Killed a two-headed ogre
  1515 | D        | Reached skill level 15 in Unarmed Combat
  1537 | D        | Noticed Erolcha
  1537 | D        | Noticed a two-headed ogre
  1541 | D        | Killed a two-headed ogre
  1542 | D        | Reached XP level 10. HP: 40/91 MP: 10/10
  1545 | D        | Killed Erolcha
  1546 | D        | Reached skill level 16 in Unarmed Combat
  1617 | D        | Reached skill level 10 in Evocations
  1630 | D        | Reached skill level 17 in Unarmed Combat
  1772 | D        | Noticed Edmund
  1772 | D        | Noticed Sigmund
  1781 | D        | Killed Edmund
  1782 | D        | Reached XP level 11. HP: 99/99 MP: 11/11
  1794 | D        | Killed Sigmund
  1795 | D        | Reached skill level 18 in Unarmed Combat
  2304 | D        | Noticed a skeletal warrior
  2309 | D        | Killed a skeletal warrior
  2435 | D        | Noticed an obsidian statue
  2444 | D        | Noticed a sun demon
  2444 | D        | Killed an obsidian statue
  2459 | D        | Found Xamecrih's Distillery.
  2459 | D        | Found Ceheta's General Store.
  2459 | D        | Found Dacey's Jewellery Shoppe.
  2459 | D        | Found Ufichal's Antique Armour Boutique.
  2459 | D        | Found Ehat Adu's Distillery.
  2459 | D        | Found Yhiolor's Antique Weapon Shoppe.
  2459 | D        | Found Peits's Antique Armour Shop.
  2459 | D        | Found Legis's Assorted Antiques.
  2459 | D        | Found Zuoloz's Book Emporium.
  2459 | D        | Found Muxu's Distillery.
  2459 | D        | Found Utuly's Magic Scroll Boutique.
  2508 | D        | Bought 2 potions of curing for 84 gold pieces
  2508 | D        | Bought a potion of might for 56 gold pieces
  2508 | D        | Bought a potion of berserk rage for 70 gold pieces
  2508 | D        | Bought a potion of might for 56 gold pieces
  2508 | D        | Bought a potion of curing for 42 gold pieces
  2508 | D        | Bought a potion of attraction for 42 gold pieces
  2509 | D        | Bought a potion of curing for 51 gold pieces
  2509 | D        | Bought a scroll labelled DYNEGUSMEEGI for 17 gold pieces
  2509 | D        | Bought a potion of curing for 51 gold pieces
  2509 | D        | Bought a potion of heal wounds for 85 gold pieces
  2509 | D        | Bought a potion of enlightenment for 85 gold pieces
  2509 | D        | Bought a tapered brass wand for 68 gold pieces
  2512 | D        | Bought a potion of invisibility for 88 gold pieces
  2512 | D        | Bought a potion of heal wounds for 55 gold pieces
  2512 | D        | Bought a potion of might for 44 gold pieces
  2512 | D        | Bought a potion of berserk rage for 55 gold pieces
  2512 | D        | Bought a potion of might for 44 gold pieces
  2512 | D        | Bought a potion of brilliance for 44 gold pieces
  2512 | D        | Bought a potion of ambrosia for 88 gold pieces
  2512 | D        | Bought a potion of cancellation for 88 gold pieces
  2514 | D        | Bought a potion of resistance for 110 gold pieces
  2514 | D        | Bought a potion of curing for 33 gold pieces
  2514 | D        | Bought a potion of brilliance for 44 gold pieces
  2514 | D        | Bought a potion of curing for 33 gold pieces
  2514 | D        | Bought a potion of enlightenment for 55 gold pieces
  2514 | D        | Bought 2 potions of ambrosia for 176 gold pieces
  2514 | D        | Bought a potion of curing for 33 gold pieces
  2515 | D        | Bought a wand of roots (5) for 168 gold pieces
  2515 | D        | Bought a potion of invisibility for 112 gold pieces
  2515 | D        | Bought a potion of might for 56 gold pieces
  2515 | D        | Bought a potion of cancellation for 112 gold pieces
  2517 | D        | Bought a pair of gloves for 135 gold pieces
  2519 | D        | Bought a glowing scale mail for 182 gold pieces
  2523 | D        | Bought a transparent robe for 148 gold pieces
  2523 | D        | Identified the +4 robe "Cekoor" {rPois Dex+3} (You bought
                  | it in a shop in the Dungeon)
  2583 | D        | Noticed a crystal guardian
  2583 | D        | Noticed a crystal guardian
  2583 | D        | Noticed a crystal guardian
  2583 | D        | Noticed a crystal guardian
  2590 | D        | Killed a crystal guardian
  2592 | D        | Killed a crystal guardian
  2595 | D        | Killed a crystal guardian
  2597 | D        | Killed a crystal guardian
  2598 | D        | Reached skill level 19 in Unarmed Combat
  2791 | D        | Noticed a centaur warrior
  2795 | D        | Killed a centaur warrior
  2796 | D        | Reached skill level 1 in Spellcasting
  2796 | D        | Reached skill level 1 in Summonings
  2796 | D        | Reached skill level 15 in Shapeshifting
  2796 | D        | Reached XP level 12. HP: 110/110 MP: 11/13
  2812 | D        | Noticed a +1 short sword of protection
  2821 | D        | Killed a +1 short sword of protection
  2888 | D        | Identified the +2 demon trident "Diase" {flame, rF- Str+4}
  2918 | D        | Noticed a fire dragon
  2923 | D        | Killed a fire dragon
  2977 | D        | Reached skill level 20 in Unarmed Combat
  2988 | D        | Noticed a yaktaur captain
  2995 | D        | HP: 7/145 [yaktaur captain/bolt (23)]
  3016 | D        | Killed a yaktaur captain
  3111 | D        | Reached skill level 5 in Summonings
  3120 | D        | Reached skill level 5 in Spellcasting
  3277 | D        | Noticed an ancient lich
  3317 | D        | Bought a dragon-blood talisman for 900 gold pieces
  3337 | D        | Noticed a sphinx
  3337 | D        | Noticed a sphinx
  3337 | D        | Noticed a mummy priest
  3344 | D        | Killed a sphinx
  3346 | D        | Killed a sphinx
  3366 | D        | Noticed a jiangshi
  3375 | D        | Killed a mummy priest
  3376 | D        | Gained mutation: You can use your snake-like lower body to
                  | constrict enemies. [Naga growth]
  3376 | D        | Reached XP level 13. HP: 51/120 MP: 21/21
  3451 | D        | Learned a level 5 spell: Summon Forest
  3455 | D        | Learned a level 3 spell: Call Canine Familiar
  3463 | D        | Learned a level 7 spell: Summon Hydra
  3467 | D        | Learned a level 3 spell: Summon Guardian Golem
  3516 | D        | Noticed Chuck
  3544 | D        | Killed Chuck
  3644 | D        | Noticed Frederick
  3656 | D        | Killed Frederick
  3657 | D        | Reached skill level 21 in Unarmed Combat
  3681 | D        | Noticed a lich
  3688 | D        | Killed a lich
  3721 | D        | Noticed a shadow dragon
  3722 | D        | Noticed a shadow dragon
  3732 | D        | Killed a shadow dragon
  3745 | D        | Killed a shadow dragon
  3864 | D        | Noticed a shadow dragon
  3864 | D        | Noticed a vault guard
  3864 | D        | Noticed a vault guard
  3864 | D        | Noticed a fire giant
  3864 | D        | Noticed a vault guard
  3864 | D        | Noticed a vault guard
  3864 | D        | Noticed a golden dragon
  3864 | D        | Noticed a vault guard
  3864 | D        | Noticed a vault guard
  3864 | D        | Noticed a frost giant
  3864 | D        | Noticed a vault guard
  3864 | D        | Noticed a vault guard
  3864 | D        | Noticed a frost giant
  3864 | D        | Noticed a vault guard
  3864 | D        | Noticed a vault guard
  3864 | D        | Noticed a shadow dragon
  3864 | D        | Noticed a vault guard
  3864 | D        | Noticed a frost giant
  3865 | D        | Noticed a vault guard
  3865 | D        | Noticed a vault guard
  3865 | D        | Noticed a vault guard
  3865 | D        | Noticed a frost giant
  3865 | D        | Noticed a vault guard
  3865 | D        | Noticed a vault guard
  3870 | D        | Killed a vault guard
  3872 | D        | Killed a vault guard
  3873 | D        | Killed a vault guard
  3873 | D        | Killed a vault guard
  3874 | D        | Reached skill level 10 in Dodging
  3874 | D        | Reached skill level 22 in Unarmed Combat
  3874 | D        | Killed a vault guard
  3874 | D        | Killed a vault guard
  3874 | D        | Killed a vault guard
  3874 | D        | Killed a vault guard
  3875 | D        | Killed a vault guard
  3875 | D        | Killed a vault guard
  3875 | D        | Killed a vault guard
  3875 | D        | Killed a vault guard
  3876 | D        | Reached XP level 14. HP: 40/129 MP: 24/26
  3934 | D        | Killed a frost giant
  4119 | D        | Reached skill level 10 in Summonings
  4126 | D        | Killed a golden dragon
  4137 | D        | Reached skill level 23 in Unarmed Combat
  4155 | D        | Killed a frost giant
  4159 | D        | Killed a fire giant
  4183 | D        | Identified the amulet of Xaasm {Acrobat Int+6}
  4191 | D        | Identified the amulet "Esahayf" {Acrobat rPois}
  4196 | D        | Killed a shadow dragon
  4197 | D        | Reached skill level 10 in Spellcasting
  4206 | D        | Killed a frost giant
  4209 | D        | Killed a frost giant
  4222 | D        | Killed a shadow dragon
  4264 | D        | Got a silver rune of Zot
  4268 | D        | Identified the staff "Hoirux" {*Slow rN+ Int+9 Necro}
  4282 | D        | Identified the +1 scale mail of Least Resistance {rC+}
  4343 | D        | Acquired a manual of Summonings
  4445 | D        | Bought a scroll of immolation for 176 gold pieces
  4445 | D        | Bought a scroll labelled FEQUGHU DOTT for 44 gold pieces
  4445 | D        | Bought a scroll of identify for 88 gold pieces
  4445 | D        | Bought a scroll labelled KUNIXZ YNOMN for 44 gold pieces
  4445 | D        | Bought a potion of heal wounds for 220 gold pieces
  4461 | D        | Noticed a deep elf demonologist
  4461 | D        | Noticed a deep elf master archer
  4461 | D        | Noticed a deep elf annihilator
  4461 | D        | Noticed a deep elf annihilator
  4461 | D        | Noticed Nellie
  4484 | D        | HP: 6/130 [Nellie (28)]
  4484 | D        | Slain by Nellie

Illustrated notes

Levels and vault maps discovered:
D:        dungeon_sprint_mu [sprint_mu_entry_cave, sprint_mu_temple_rooms,
          sprint_mu_d1_spiders, sprint_mu_d2_genie, sprint_mu_d3_branching,
          sprint_mu_orc_legion, sprint_mu_elf_gauntlet, sprint_mu_hive_nellie,
          sprint_mu_lair_fedhas, sprint_mu_vaults_butterflies,
          sprint_mu_slime_circle, sprint_mu_swamp_cave, sprint_mu_snake_twists,
          sprint_mu_blade_basic, sprint_mu_crypt_lich, sprint_mu_tomb_spiral,
          sprint_mu_vestibule_basic, sprint_mu_gehenna_hellfire,
          sprint_mu_dis_giant, sprint_mu_tartarus_statrot,
          sprint_mu_cocytus_islands, sprint_mu_zot1]

Skill      XL: |  1  2  3  4  5  6  7  8  9 10 11 12 13 14 |
---------------+-------------------------------------------+-----
Dodging        | 2 3 4 5 6 7 8 10 11 | 11.0
Unarmed Combat | 4 6 7 9 11 13 15 17 19 20 22 23 | 23.5
Shapeshifting  | 4 6 7 8 9 10 11 12 15 16 18 20 | 20.1
Fighting       | 2 3 4 5 6 7 8 9 |  9.9
Evocations     | 4 6 8 10 11 12 | 12.1
Spellcasting   | 1 5 8 10 | 10.3
Summonings     | 1 6 9 11 | 11.1

Action                     |  1- 3 |  4- 6 |  7- 9 | 10-12 | 13-15 || total
---------------------------+-------+-------+-------+-------+-------++-------
  Melee: Unarmed           |    26 |    27 |    14 |   220 |   112 ||   399
         Punch             |     1 |     3 |     1 |    11 |    15 ||    31
         Constrict         |       |       |       |    10 |     5 ||    15
         Bite              |       |       |       |       |     3 ||     3
         Tailslap          |       |       |       |       |     1 ||     1
 Invoke: Call Merchant     |       |       |     1 |     1 |     1 ||     3
         Potion Petition   |       |       |       |     1 |     3 ||     4
Ability: Spit Poison       |     1 |     1 |       |       |       ||     2
         Breathe Fire      |       |       |       |       |     1 ||     1
  Evoke: Lightning rod     |       |       |    13 |     4 |     8 ||    25
         Wand              |       |       |       |       |     1 ||     1
    Use: Potion            |     2 |       |       |     3 |     1 ||     6
         Scroll            |       |       |     4 |     2 |     5 ||    11
   Stab: Distracted        |       |       |       |     1 |     2 ||     3
         Sleeping          |       |       |       |     1 |       ||     1
 Armour: Animal skin       |    13 |    10 |       |       |       ||    23
         Skin              |     5 |       |     7 |   201 |   100 ||   313
         Robe              |       |     2 |     3 |       |       ||     5
         Scale mail        |       |       |       |       |    18 ||    18
  Dodge: Dodged            |     5 |     7 |     7 |    92 |    33 ||   144
   Form: Statue            |       |       |     1 |     2 |     1 ||     4
         Anaconda          |       |       |       |     2 |       ||     2
                           |       |       |       |     1 |     1 ||     2
         Beast             |       |       |       |     1 |       ||     1
         Dragon            |       |       |       |       |     1 ||     1

Table legend: (Time is in decaauts)
 A = Elapsed time spent in this place.
 B = Non-inter-level travel time spent in this place.
 C = Inter-level travel time spent in this place.
 D = Time resting spent in this place.
 E = Time spent auto-exploring this place.
 F = Levels seen in this place.
 G = Mean time per level.
                   A        B        C        D        E       F      G
               +--------+--------+--------+--------+--------+-----+--------+
         Total |   5324 |   5159 |    165 |   2527 |     30 |   1 | 5324.0 |
       Dungeon |   5324 |   5159 |    165 |   2527 |     30 |   1 | 5324.0 |
               +--------+--------+--------+--------+--------+-----+--------+

Top non-repeatable levels by time:
       D: 5324 daAuts
